Description

This opening is a 1 zealot / 2 stalkers pressure. Against a standard fast expand from the terran, you will be able to do many damage and kill the Command center on the natural expand.

This replay comes from a ladder game.

After opening with this pressure, you can switch to a standard robo playstyle (because the opponent will probably play with a fast cyclone). Notes :

  • If you see something else than fast expand, don't try this (or against proxy but just for the zealot pressure)
  • Focus the CC with the zealot (or the scv)
  • Take another path than the fastest with your zealot: You need to avoid the reaper

VOD

https://youtu.be/3-b68HGNeRc

Replay - Miszu v zuka - Croisement de Kairos EC

Build Order

Get SALT Encoding   

  12  0:01  Probe  
  13  0:13  Probe  
  14  0:17  Pylon  
  14  0:21  Probe  
  15  0:32  Probe  
  15  0:39  Gateway  
  16  0:42  Probe  
  16  0:48  Assimilator  
  17  0:54  Probe  
  18  1:07  Probe  
  18  1:10  Pylon  
  19  1:19  Zealot, Probe  
  20  1:27  Cybernetics Core  
  20  1:31  Probe  
  23  1:43  Probe  
  24  1:54  Stalker  
  27  2:12  Nexus  
  27  2:23  Stalker  
  31  3:04  Pylon  
  31  3:06  Assimilator  
  31  3:10  Robotics Facility  
  31  3:17  Gateway  
  31  3:22  Stalker  
Spawning Tool Build Advisor. Get it on Overwolf

Go to:

Details

  • Created by: zuka      
  • Published on: Jan 01, 2019
  • Modified on: Jan 01, 2019
  • Patch: 4.7.1
Show
View Real Time Build Order
Export as new Build Order

Comments (1)

On Jan. 30, 2019, 8:54 a.m., Maleculo  said:

@zuka, I see your limits indicated in the text are different from replay. Whats' the correct limits to build structures/units ?

Create an account to comment!